 Dungeon Crawl Stone Soup version 0.24.0-13-gcf9b319 (webtiles) character file.

Game seed: 7132727253752967633, levelgen mode: deterministic

341 Bronimir the Conjurer (level 6, -2/38 HPs)
             Began as an Octopode Conjurer on Mar 4, 2020.
             Slain by an orc priest (4 damage)
             ... on level 3 of the Dungeon.
             The game lasted 00:11:35 (4147 turns).

Bronimir the Conjurer (Octopode Conjurer)           Turns: 4147, Time: 00:11:36

Health: -2/38      AC:  1    Str:  8    XL:     6   Next: 56%
Magic:  3/10       EV: 14    Int: 19    God:
Gold:   185        SH:  0    Dex: 12    Spells: 4/10 levels left

rFire    . . .     SeeInvis .   a - +1 dagger (flame)
rCold    . . .     Gourm    +   (no shield)
rNeg     . . .     Faith    .   (helmet restricted)
rPois    .         Spirit   .   s - amulet of the gourmand
rElec    .         Reflect  .   (no ring)
rCorr    .         Harm     .   (no ring)
MR       .....                  (no ring)
Stlth    +++.......             (no ring)
HPRegen  0.12/turn              (no ring)
MPRegen  0.12/turn              (no ring)
                                (no ring)
                                (no ring)

@: very slightly contaminated
A: almost no armour, stealthy swim, amphibious, 8 rings, constrict 8, camouflage
1, gelatinous body 1
a: no special abilities


You were on level 3 of the Dungeon.
You were full.

You visited 1 branch of the dungeon, and saw 3 of its levels.

You collected 185 gold pieces.

Inventory:

Hand Weapons
 a - a +1 dagger of flaming (weapon)
 b - a -3 hunting sling
Missiles
 c - 121 stones (quivered)
 m - 3 poisoned darts
Jewellery
 s - an amulet of the gourmand (around mantle)
Scrolls
 n - a scroll of magic mapping
 p - 3 scrolls of teleportation
 r - 2 scrolls of identify
Potions
 d - a potion of degeneration {unknown}
 e - 2 potions of curing {unknown}
 f - 2 potions of magic
 j - a potion of heal wounds {unknown}
 k - a potion of mutation {unknown}
 l - a potion of resistance {unknown}
 o - a potion of might {unknown}
 q - a potion of lignification {unknown}
Comestibles
 g - 2 rations


   Skills:
 + Level 1.0 Fighting
 + Level 2.8 Slings
 * Level 3.2 Dodging
 + Level 3.4 Stealth
 + Level 2.9 Spellcasting
 * Level 5.4 Conjurations
 * Level 0.6 Hexes


You had 4 spell levels left.
You knew the following spells:

 Your Spells              Type           Power        Failure   Level  Hunger
a - Magic Dart            Conj           ###.         1%          1    None
b - Searing Ray           Conj           ###...       2%          2    ##.....
c - Dazzling Spray        Conj/Hex       ##....       13%         3    ###....

Your spell library contained the following spells:

 Spells                   Type           Power        Failure   Level  Hunger
 Conjure Flame            Conj/Fire      ##......     16%         3    ###....
 Iskenderun's Mystic Bla  Conj           ###.....     16%         4    ####...
 Slow                     Hex            #.......     19%         2    ##.....
 Mephitic Cloud           Conj/Pois/Air  #.......     22%         3    ###....
 Blink                    Tloc           N/A          24%         2    ##.....
 Call Imp                 Summ           #.......     24%         2    ##.....
 Fulminant Prism          Conj/Hex       ##........   41%         4    ####...
 Force Lance              Conj/Tloc      ##......     45%         4    ####...


Dungeon Overview and Level Annotations

Branches:
Dungeon (3/15)

Altars:
Ashenzari
Zin


Innate Abilities, Weirdness & Mutations

You cannot wear most types of armour.
You are very stealthy in the water. (Stealth+)
You are amphibious.
You can wear up to eight rings at the same time.
You can use your tentacles to constrict eight enemies at once.
Your skin changes colour to match your surroundings (Stealth+).
Your rubbery body absorbs attacks. (AC +1, EV +1)


Message History

The orc priest invokes the aid of Beogh against you.
Beogh smites you!
* * * LOW HITPOINT WARNING * * *
The orc wizard shouts!
You hear a shout!
Casting: Dazzling Spray (safe; 13% risk of failure)
Confirm with . or Enter, or press ? or * to list all spells.
Aiming: Searing Ray (safe; 2% risk of failure)
Press: ? - help, Shift-Dir - straight line, f - orc priest, p - worm
Aim: an orc priest, wearing a +0 leather armour The searing ray hits the orc priest but does no damage. (Press . to maintain the ray.)
The searing ray misses the orc priest.
The orc wizard casts a spell.
The orc wizard seems to speed up.
The orc priest hits you.
* * * LOW HITPOINT WARNING * * *
The searing ray hits the orc priest!
The orc priest is severely wounded.
The orc priest hits you.
You die... ..# ..### #. .## .#.. ##...# .# .ow

#.. .# ## #.# #.# .#
# ##.# ##.##o# # #..#
#.....##
#.####......###..
##.###...wo.......
##.)##..)..@..###.
##......).)....#
#####....#..#......#
#......###.##......#
..#.#####..###...#...
#...# #.## #...###..
..### ##.# #...# .##
## ### ###..# ###.. .
.# #...## .## #.#


You could see a worm, an orc priest and an orc wizard.

Vanquished Creatures
  An ogre (D:3)
  3 orc priests (D:3)
  Jessica (D:2)
  An orc wizard (D:3)
  An adder (D:2)
  2 oozes
  2 worms (D:2)
  2 dart slugs (D:1)
  3 leopard geckos
  8 orcs (D:3)
  A ball python (D:2)
  7 giant cockroaches
  9 goblins
  6 hobgoblins
  3 jackals (D:2)
  4 kobolds
  3 quokkas (D:3)
  14 bats
  5 frilled lizards
  9 rats
85 creatures vanquished.

Notes
Turn   | Place    | Note
-------+----------+-------------------------------------------
     0 | D:1      | Bronimir the Octopode Conjurer began the quest for the Orb.
     0 | D:1      | Reached XP level 1. HP: 11/11 MP: 3/3
   350 | D:1      | Reached XP level 2. HP: 8/17 MP: 0/5
   354 | D:1      | Learned a level 2 spell: Searing Ray
  1144 | D:1      | Reached XP level 3. HP: 21/21 MP: 2/6
  1761 | D:2      | Found a shattered altar of Ashenzari.
  1787 | D:2      | Noticed Jessica
  1842 | D:2      | Killed Jessica
  1842 | D:2      | Reached skill level 1 in Slings
  1842 | D:2      | Reached XP level 4. HP: 19/27 MP: 2/7
  1938 | D:2      | Found a glowing silver altar of Zin.
  2813 | D:3      | Reached XP level 5. HP: 27/32 MP: 2/8
  3326 | D:2      | Learned a level 3 spell: Dazzling Spray
  3373 | D:3      | Noticed an ogre
  3374 | D:3      | Reached skill level 5 in Conjurations
  3701 | D:3      | Reached XP level 6. HP: 14/37 MP: 2/9
  3832 | D:3      | Reached skill level 1 in Fighting
  4147 | D:3      | Slain by an orc priest

Levels and vault maps discovered:
D:1:      saegor_arrival_miasma, layout_basic, serial_bayou_lagoon_a
D:2:      layout_rooms, nicolae_ashenzari_panopticon,
          nicolae_overflow_crystal_walls, minmay_door_square, uniq_jessica
D:3:      layout_rooms, gup_sewer_entry_bubbles

Skill      XL: |  1  2  3  4  5  6 |
---------------+-------------------+-----
Stealth        | 3 |  3.4
Slings         | 1 2 |  2.8
Conjurations   | 5 |  5.4
Dodging        | 3 |  3.2
Fighting       | 1 |  1.0
Spellcasting   | |  2.9
Hexes          | |  0.6

Action                   |  1- 3 |  4- 6 || total
-------------------------+-------+-------++-------
Melee: Unarmed           |     1 |       ||     1
       Hunting sling     |     6 |     6 ||    12
       Constrict         |     4 |     4 ||     8
       Tentacles         |     2 |     2 ||     4
       Dagger            |       |     6 ||     6
 Fire: Hunting sling     |    51 |    92 ||   143
 Cast: Magic Dart        |    46 |    98 ||   144
       Searing Ray       |     1 |     4 ||     5
  Use: Scroll            |       |     8 ||     8
  Eat: Chunk             |     2 |    15 ||    17
Armor: Skin              |     1 |    17 ||    18
Dodge: Dodged            |    15 |    84 ||    99
